[ PARTIDA AOE2 · #463364196 ]
Team RMMalayos vs Celts
[ ANÁLISIS DE REPETICIÓN · EXTRAÍDO DE LA PARTIDA GRABADA ]
Feudal
11:32
Castillos
20:45
Imperial
43:54
| APM promedio | 52.9 |
| APM pico | 102 |
| eAPM promedio | 28.4 |
| Aldeanos / militares | 131 / 195 |
Foco
⚔️ 33.5% · 🌾 66.5%
Archer ×98 · Karambit Warrior ×52 · Scout Cavalry ×23 · Spearman ×12 · Knight ×7 · Trebuchet (Packed) ×3
Feudal
—
Castillos
—
Imperial
—
| APM promedio | 17.8 |
| APM pico | 39 |
| eAPM promedio | 13.6 |
| Aldeanos / militares | 99 / 75 |
Foco
⚔️ 32.1% · 🌾 67.9%
Skirmisher ×40 · Spearman ×18 · Boyar ×16 · Monk ×1
Feudal
—
Castillos
—
Imperial
—
| APM promedio | 16.8 |
| APM pico | 49 |
| eAPM promedio | 9.0 |
| Aldeanos / militares | 44 / 96 |
Foco
⚔️ 43.1% · 🌾 56.9%
Militia ×37 · Skirmisher ×33 · Spearman ×20 · Woad Raider ×4 · Monk ×2
Feudal
10:51
Castillos
24:40
Imperial
41:43
| APM promedio | 32.9 |
| APM pico | 91 |
| eAPM promedio | 18.3 |
| Aldeanos / militares | 94 / 49 |
Foco
⚔️ 26.5% · 🌾 73.5%
Scout Cavalry ×26 · Spearman ×20 · Monk ×2 · Battering Ram ×1
Mapa de la partida
Recursos al inicio + cada clic de construcción. Línea gruesa = muro · recuadro discontinuo = muro de casas detectado. 🟡 oro · ⚪ piedra · 🟢 bayas · 🔶 jabalí · ⭕ reliquia
Inputs por minuto
— ohdarling_leo'11 - - NebRolyat32
Build order — ohdarling_leo'11
Primeras 150 de 492 acciones detectadas
| 0:04 | Construir | House |
| 0:06 | Construir | House |
| 0:08 | Crear | Villager (Male) |
| 0:08 | Crear | Villager (Male) |
| 0:09 | Crear | Villager (Male) |
| 0:27 | Crear | Villager (Male) |
| 0:27 | Crear | Villager (Male) |
| 1:37 | Crear | Villager (Male) |
| 1:57 | Construir | Lumber Camp |
| 2:24 | Crear | Villager (Male) |
| 2:40 | Crear | Villager (Male) |
| 2:40 | Crear | Villager (Male) |
| 3:24 | Crear | Villager (Male) |
| 3:27 | Crear | Villager (Male) |
| 3:33 | Investigar | Loom |
| 3:34 | Crear | Villager (Male) |
| 4:07 | Crear | Villager (Male) |
| 4:07 | Crear | Villager (Male) |
| 4:28 | Crear | Villager (Male) |
| 4:28 | Crear | Villager (Male) |
| 5:12 | Construir | House |
| 5:15 | Construir | Mill |
| 5:30 | Crear | Villager (Male) |
| 5:31 | Crear | Villager (Male) |
| 5:37 | Crear | Villager (Male) |
| 6:35 | Crear | Villager (Male) |
| 6:55 | Crear | Villager (Male) |
| 7:06 | Construir | House |
| 7:15 | Construir | Palisade Wall |
| 7:18 | Construir | Palisade Wall |
| 7:24 | Crear | Villager (Male) |
| 7:59 | Construir | Lumber Camp |
| 8:02 | Construir | House |
| 8:10 | Construir | Palisade Wall |
| 8:31 | Construir | Palisade Wall |
| 8:48 | Crear | Villager (Male) |
| 8:49 | Crear | Villager (Male) |
| 10:10 | Construir | House |
| 10:14 | Investigar | Feudal Age |
| 10:15 | Crear | Villager (Male) |
| 10:22 | Construir | Farm |
| 10:24 | Construir | Farm |
| 10:27 | Construir | Farm |
| 10:45 | Construir | Barracks |
| 10:50 | Construir | Palisade Wall |
| 10:55 | Construir | House |
| 11:03 | Construir | Palisade Wall |
| 11:08 | Construir | Farm |
| 11:12 | Crear | Villager (Male) |
| 11:13 | Crear | Villager (Male) |
| 11:32 | Edad | Edad Feudal |
| 11:35 | Investigar | Double-Bit Axe |
| 11:41 | Construir | Farm |
| 11:45 | Construir | Farm |
| 12:07 | Construir | Farm |
| 12:22 | Construir | Palisade Wall |
| 12:33 | Crear | Villager (Male) |
| 12:33 | Crear | Villager (Male) |
| 12:38 | Construir | Mining Camp |
| 12:59 | Construir | Archery Range |
| 13:21 | Crear | Villager (Male) |
| 13:33 | Crear | Villager (Male) |
| 13:37 | Crear | Spearman |
| 13:38 | Crear | Spearman |
| 14:00 | Construir | Blacksmith |
| 14:05 | Crear | Villager (Male) |
| 14:12 | Crear | Villager (Male) |
| 14:25 | Crear | Archer |
| 14:25 | Crear | Archer |
| 14:25 | Crear | Archer |
| 14:29 | Crear | Villager (Male) |
| 14:31 | Construir | Farm |
| 14:34 | Crear | Villager (Male) |
| 14:42 | Crear | Archer |
| 15:10 | Crear | Villager (Male) |
| 15:14 | Crear | Archer |
| 15:23 | Construir | Farm |
| 15:29 | Investigar | Fletching |
| 16:02 | Construir | Building 796 |
| 16:18 | Construir | Farm |
| 16:20 | Construir | Farm |
| 16:22 | Crear | Villager (Male) |
| 16:28 | Construir | House |
| 16:29 | Construir | House |
| 16:38 | Crear | Archer |
| 16:38 | Crear | Archer |
| 16:41 | Construir | Farm |
| 16:43 | Crear | Villager (Male) |
| 17:04 | Construir | House |
| 17:05 | Construir | House |
| 17:12 | Crear | Villager (Male) |
| 17:23 | Construir | Farm |
| 17:43 | Crear | Villager (Male) |
| 19:09 | Investigar | Castle Age |
| 19:10 | Crear | Villager (Male) |
| 19:10 | Crear | Villager (Male) |
| 19:11 | Crear | Villager (Male) |
| 19:18 | Construir | Archery Range |
| 19:24 | Crear | Villager (Male) |
| 19:54 | Crear | Archer |
| 19:54 | Crear | Archer |
| 19:55 | Crear | Archer |
| 20:01 | Investigar | Gold Mining |
| 20:45 | Edad | Edad de los Castillos |
| 20:55 | Investigar | Bow Saw |
| 20:59 | Investigar | Crossbowman (upgrade) |
| 21:00 | Crear | Archer |
| 21:00 | Crear | Archer |
| 21:00 | Crear | Archer |
| 21:21 | Crear | Archer |
| 21:48 | Construir | Town Center |
| 21:56 | Construir | Town Center |
| 22:00 | Crear | Villager (Male) |
| 22:00 | Crear | Villager (Male) |
| 22:03 | Crear | Archer |
| 22:03 | Crear | Archer |
| 22:55 | Investigar | Gold Shaft Mining |
| 23:04 | Crear | Villager (Male) |
| 23:04 | Crear | Villager (Male) |
| 23:05 | Crear | Villager (Male) |
| 23:05 | Crear | Villager (Male) |
| 23:47 | Crear | Archer |
| 23:47 | Crear | Archer |
| 23:47 | Crear | Archer |
| 23:47 | Crear | Archer |
| 23:50 | Crear | Villager (Male) |
| 23:50 | Crear | Villager (Male) |
| 23:50 | Crear | Villager (Male) |
| 23:51 | Crear | Villager (Male) |
| 24:05 | Crear | Villager (Male) |
| 24:14 | Crear | Archer |
| 24:14 | Crear | Archer |
| 24:14 | Crear | Archer |
| 24:30 | Construir | Stable |
| 24:33 | Crear | Villager (Male) |
| 24:33 | Crear | Villager (Male) |
| 24:35 | Crear | Villager (Male) |
| 24:35 | Crear | Villager (Male) |
| 24:40 | Construir | Farm |
| 24:42 | Construir | Farm |
| 24:44 | Construir | Farm |
| 24:51 | Construir | Farm |
| 24:54 | Construir | Farm |
| 24:56 | Construir | Farm |
| 24:58 | Construir | Farm |
| 24:58 | Crear | Villager (Male) |
| 25:06 | Crear | Scout Cavalry |
| 25:07 | Crear | Scout Cavalry |
| 25:07 | Crear | Scout Cavalry |
| 25:49 | Crear | Scout Cavalry |
Build order — NebRolyat32
Primeras 150 de 263 acciones detectadas
| 0:06 | Construir | House |
| 0:08 | Construir | House |
| 0:26 | Crear | Villager (Male) ×4 |
| 1:10 | Investigar | Loom |
| 1:25 | Construir | Mill |
| 2:05 | Crear | Villager (Male) |
| 2:41 | Crear | Villager (Male) |
| 2:41 | Crear | Villager (Male) |
| 2:53 | Crear | Villager (Male) |
| 3:13 | Construir | House |
| 3:32 | Crear | Villager (Male) |
| 3:33 | Crear | Villager (Male) |
| 4:09 | Crear | Villager (Male) |
| 4:09 | Crear | Villager (Male) |
| 4:15 | Construir | Lumber Camp |
| 4:29 | Crear | Villager (Male) |
| 4:30 | Crear | Villager (Male) |
| 4:47 | Crear | Villager (Male) |
| 5:09 | Crear | Villager (Male) |
| 5:10 | Crear | Villager (Male) |
| 5:54 | Crear | Villager (Male) |
| 5:55 | Crear | Villager (Male) |
| 5:55 | Crear | Villager (Male) |
| 6:18 | Construir | House |
| 6:30 | Crear | Villager (Male) |
| 6:30 | Crear | Villager (Male) |
| 7:35 | Crear | Villager (Male) |
| 8:01 | Crear | Villager (Male) |
| 8:25 | Investigar | Feudal Age |
| 8:40 | Crear | Villager (Male) |
| 8:46 | Construir | Mining Camp |
| 9:37 | Construir | House |
| 9:51 | Construir | House |
| 10:19 | Construir | Mining Camp |
| 10:43 | Investigar | Double-Bit Axe |
| 10:48 | Construir | House |
| 10:56 | Crear | Villager (Male) |
| 10:57 | Crear | Villager (Male) |
| 11:33 | Construir | Farm |
| 11:34 | Construir | Farm |
| 11:35 | Construir | Farm |
| 11:42 | Crear | Villager (Male) |
| 11:42 | Crear | Villager (Male) |
| 12:13 | Construir | Farm |
| 12:14 | Construir | Farm |
| 12:16 | Construir | Farm |
| 12:21 | Crear | Villager (Male) |
| 12:21 | Crear | Villager (Male) |
| 12:31 | Investigar | Horse Collar |
| 12:55 | Construir | Farm |
| 12:56 | Construir | Farm |
| 12:59 | Construir | Farm |
| 13:05 | Crear | Villager (Male) |
| 13:05 | Crear | Villager (Male) |
| 13:23 | Construir | Farm |
| 13:25 | Construir | Farm |
| 13:27 | Construir | Farm |
| 13:30 | Construir | Farm |
| 13:35 | Construir | Farm |
| 13:37 | Construir | Farm |
| 13:38 | Construir | Farm |
| 13:39 | Construir | Farm |
| 13:45 | Crear | Villager (Male) |
| 13:45 | Crear | Villager (Male) |
| 14:06 | Construir | House |
| 14:08 | Construir | House |
| 14:09 | Construir | House |
| 14:11 | Construir | House |
| 14:23 | Construir | Farm |
| 14:25 | Construir | Farm |
| 14:26 | Construir | Farm |
| 14:33 | Crear | Villager (Male) |
| 14:34 | Crear | Villager (Male) |
| 15:08 | Construir | Market |
| 15:24 | Construir | Farm |
| 15:25 | Construir | Farm |
| 15:27 | Construir | Farm |
| 15:29 | Construir | Farm |
| 15:30 | Construir | Farm |
| 15:32 | Construir | Farm |
| 15:37 | Crear | Villager (Male) |
| 15:38 | Crear | Villager (Male) |
| 15:39 | Crear | Villager (Male) |
| 16:35 | Construir | Blacksmith |
| 16:42 | Construir | House |
| 16:45 | Construir | House |
| 16:47 | Construir | House |
| 17:23 | Investigar | Castle Age |
| 17:42 | Construir | Barracks |
| 18:10 | Construir | Watch Tower |
| 19:11 | Construir | Archery Range |
| 19:16 | Investigar | Wheelbarrow |
| 19:24 | Construir | Stable |
| 19:34 | Crear | Skirmisher |
| 19:34 | Crear | Skirmisher |
| 19:35 | Crear | Skirmisher |
| 19:46 | Investigar | Man-at-Arms (upgrade) |
| 19:57 | Crear | Skirmisher |
| 19:57 | Crear | Skirmisher |
| 20:03 | Investigar | Padded Archer Armor |
| 20:08 | Construir | House |
| 20:14 | Construir | House |
| 20:15 | Construir | House |
| 21:41 | Construir | Town Center |
| 22:09 | Crear | Villager (Male) |
| 22:09 | Crear | Villager (Male) |
| 22:10 | Crear | Villager (Male) |
| 22:10 | Crear | Villager (Male) |
| 22:10 | Crear | Villager (Male) |
| 22:20 | Investigar | Fletching |
| 22:21 | Investigar | Leather Archer Armor |
| 24:12 | Crear | Villager (Male) |
| 24:12 | Crear | Villager (Male) |
| 24:13 | Crear | Villager (Male) |
| 24:13 | Crear | Villager (Male) |
| 24:13 | Crear | Villager (Male) |
| 24:32 | Construir | Farm |
| 24:34 | Construir | Farm |
| 24:35 | Construir | Farm |
| 24:36 | Construir | Farm |
| 24:38 | Construir | Farm |
| 24:40 | Construir | Farm |
| 24:45 | Crear | Villager (Male) |
| 24:49 | Construir | Farm |
| 24:50 | Construir | Farm |
| 24:54 | Crear | Villager (Male) |
| 24:54 | Crear | Villager (Male) |
| 25:20 | Crear | Spearman |
| 25:20 | Crear | Spearman |
| 25:20 | Crear | Spearman |
| 25:41 | Investigar | Elite Skirmisher (upgrade) |
| 25:41 | Crear | Skirmisher |
| 25:42 | Crear | Skirmisher |
| 26:22 | Construir | Castle |
| 27:01 | Construir | Farm |
| 27:01 | Construir | Farm |
| 27:02 | Construir | Farm |
| 27:03 | Construir | Farm |
| 27:05 | Investigar | Pikeman (upgrade) |
| 27:06 | Investigar | Squires |
| 27:09 | Crear | Skirmisher |
| 27:10 | Crear | Skirmisher |
| 27:11 | Crear | Skirmisher |
| 27:11 | Crear | Skirmisher |
| 27:11 | Crear | Skirmisher |
| 27:28 | Investigar | Hand Cart |
| 27:37 | Crear | Skirmisher |
| 27:38 | Crear | Skirmisher |
| 27:53 | Crear | Spearman |
| 27:53 | Crear | Spearman |
Build order — RancidMeerkat
Primeras 150 de 174 acciones detectadas
| 0:03 | Crear | Villager (Male) |
| 0:03 | Crear | Villager (Male) |
| 0:27 | Construir | House |
| 0:31 | Construir | House |
| 0:53 | Crear | Villager (Male) |
| 0:53 | Crear | Villager (Male) |
| 1:58 | Crear | Villager (Male) |
| 2:47 | Crear | Villager (Male) |
| 2:59 | Crear | Villager (Male) |
| 3:26 | Crear | Villager (Male) |
| 3:26 | Crear | Villager (Male) |
| 4:15 | Construir | House |
| 4:17 | Construir | House |
| 4:20 | Crear | Villager (Male) |
| 4:43 | Crear | Villager (Male) |
| 5:12 | Construir | Lumber Camp |
| 5:14 | Crear | Villager (Male) |
| 5:27 | Crear | Villager (Male) |
| 5:50 | Crear | Villager (Male) |
| 6:24 | Construir | Mill |
| 7:34 | Construir | Mining Camp |
| 8:35 | Investigar | Feudal Age |
| 8:45 | Construir | Barracks |
| 10:02 | Crear | Villager (Male) |
| 10:03 | Crear | Villager (Male) |
| 10:57 | Crear | Villager (Male) |
| 10:57 | Crear | Villager (Male) |
| 11:38 | Investigar | Horse Collar |
| 11:42 | Investigar | Double-Bit Axe |
| 11:56 | Construir | Blacksmith |
| 12:42 | Crear | Villager (Male) |
| 12:43 | Crear | Villager (Male) |
| 13:06 | Construir | House |
| 14:01 | Construir | Barracks |
| 14:29 | Crear | Spearman |
| 14:29 | Crear | Spearman |
| 14:39 | Construir | Farm |
| 15:05 | Investigar | Man-at-Arms (upgrade) |
| 15:08 | Crear | Militia |
| 15:09 | Crear | Militia |
| 15:24 | Construir | Farm |
| 15:30 | Construir | Farm |
| 15:43 | Construir | Farm |
| 15:49 | Construir | Farm |
| 16:01 | Construir | Farm |
| 16:09 | Construir | Farm |
| 16:16 | Construir | Farm |
| 16:23 | Construir | Farm |
| 16:33 | Construir | Farm |
| 16:44 | Construir | Farm |
| 17:01 | Crear | Militia |
| 17:01 | Crear | Militia |
| 17:01 | Crear | Militia |
| 17:01 | Crear | Militia |
| 17:02 | Crear | Militia |
| 17:02 | Crear | Militia |
| 17:03 | Crear | Militia |
| 17:03 | Crear | Militia |
| 20:12 | Construir | Archery Range |
| 21:01 | Investigar | Castle Age |
| 21:54 | Investigar | Forging |
| 22:51 | Crear | Militia |
| 22:51 | Crear | Militia |
| 22:52 | Crear | Militia |
| 22:52 | Crear | Militia |
| 22:52 | Crear | Militia |
| 22:52 | Crear | Militia |
| 23:47 | Crear | Skirmisher |
| 23:47 | Crear | Skirmisher |
| 23:47 | Crear | Skirmisher |
| 23:48 | Crear | Skirmisher |
| 24:15 | Construir | Archery Range |
| 24:59 | Construir | Town Center |
| 25:08 | Crear | Skirmisher |
| 25:08 | Crear | Skirmisher |
| 25:10 | Crear | Skirmisher |
| 25:19 | Investigar | Long Swordsman (upgrade) |
| 25:23 | Investigar | Scale Mail Armor |
| 25:43 | Construir | Monastery |
| 25:50 | Construir | Mining Camp |
| 26:01 | Investigar | Bow Saw |
| 26:05 | Investigar | Heavy Plow |
| 27:12 | Crear | Villager (Male) |
| 27:12 | Crear | Villager (Male) |
| 27:15 | Crear | Villager (Male) |
| 27:15 | Crear | Villager (Male) |
| 27:26 | Crear | Skirmisher |
| 27:26 | Crear | Skirmisher |
| 27:32 | Investigar | Elite Skirmisher (upgrade) |
| 27:33 | Crear | Skirmisher |
| 28:53 | Construir | Farm |
| 29:05 | Construir | Farm |
| 29:10 | Construir | Farm |
| 29:30 | Crear | Skirmisher ×5 |
| 30:18 | Construir | Farm |
| 30:27 | Investigar | Stone Mining |
| 30:31 | Crear | Skirmisher |
| 30:31 | Crear | Skirmisher |
| 30:32 | Crear | Skirmisher |
| 30:32 | Crear | Skirmisher |
| 30:42 | Crear | Monk |
| 31:38 | Construir | Farm |
| 31:44 | Crear | Spearman |
| 32:06 | Crear | Villager (Male) |
| 32:06 | Crear | Villager (Male) |
| 32:06 | Crear | Villager (Male) |
| 32:07 | Crear | Villager (Male) |
| 32:09 | Crear | Villager (Male) |
| 32:10 | Crear | Villager (Male) |
| 32:10 | Crear | Villager (Male) |
| 33:06 | Crear | Militia ×14 |
| 33:06 | Crear | Militia |
| 34:17 | Construir | Farm |
| 34:21 | Construir | Farm |
| 34:28 | Construir | Farm |
| 34:40 | Construir | Farm |
| 35:04 | Crear | Spearman ×13 |
| 35:50 | Investigar | Pikeman (upgrade) |
| 35:58 | Construir | House |
| 35:58 | Construir | House |
| 35:59 | Construir | House |
| 36:00 | Construir | House |
| 37:02 | Investigar | Fletching |
| 37:44 | Crear | Militia |
| 37:44 | Crear | Militia |
| 37:44 | Crear | Militia |
| 37:44 | Crear | Militia |
| 37:45 | Crear | Militia |
| 37:45 | Crear | Militia |
| 38:18 | Crear | Monk |
| 38:37 | Construir | Castle |
| 38:59 | Crear | Villager (Male) |
| 38:59 | Crear | Villager (Male) |
| 39:02 | Crear | Villager (Male) |
| 39:02 | Crear | Villager (Male) |
| 39:29 | Investigar | Iron Casting |
| 40:25 | Crear | Villager (Male) |
| 40:25 | Crear | Villager (Male) |
| 40:28 | Crear | Villager (Male) |
| 40:28 | Crear | Villager (Male) |
| 40:34 | Investigar | Gold Mining |
| 40:56 | Crear | Skirmisher |
| 40:56 | Crear | Skirmisher |
| 40:56 | Crear | Skirmisher |
| 40:57 | Crear | Skirmisher |
| 40:57 | Crear | Skirmisher |
| 41:06 | Construir | Archery Range |
| 41:07 | Construir | Archery Range |
| 41:40 | Crear | Woad Raider |
| 41:40 | Crear | Woad Raider |
Build order — [PLGRS]YaMmEr'23
Primeras 150 de 256 acciones detectadas
| 0:03 | Construir | House |
| 0:05 | Construir | House |
| 0:09 | Crear | Villager (Male) |
| 0:09 | Crear | Villager (Male) |
| 0:10 | Crear | Villager (Male) |
| 0:10 | Crear | Villager (Male) |
| 1:55 | Construir | Lumber Camp |
| 1:56 | Crear | Villager (Male) |
| 1:57 | Crear | Villager (Male) |
| 2:10 | Crear | Villager (Male) |
| 2:30 | Crear | Villager (Male) |
| 2:30 | Crear | Villager (Male) |
| 3:00 | Crear | Villager (Male) |
| 3:31 | Crear | Villager (Male) |
| 3:41 | Construir | House |
| 3:46 | Crear | Villager (Male) |
| 3:46 | Crear | Villager (Male) |
| 3:58 | Crear | Villager (Male) |
| 4:08 | Construir | Mill |
| 5:25 | Crear | Villager (Male) |
| 5:25 | Crear | Villager (Male) |
| 5:31 | Crear | Villager (Male) |
| 5:31 | Crear | Villager (Male) |
| 6:19 | Construir | House |
| 6:29 | Crear | Villager (Male) |
| 6:29 | Crear | Villager (Male) |
| 7:12 | Crear | Villager (Male) |
| 7:12 | Crear | Villager (Male) |
| 7:12 | Crear | Villager (Male) |
| 7:41 | Crear | Villager (Male) |
| 7:41 | Crear | Villager (Male) |
| 7:49 | Crear | Villager (Male) |
| 7:49 | Crear | Villager (Male) |
| 8:41 | Investigar | Feudal Age |
| 8:42 | Investigar | Loom |
| 8:53 | Construir | Palisade Wall |
| 9:00 | Construir | Palisade Wall |
| 9:18 | Construir | Palisade Wall |
| 9:19 | Construir | Palisade Wall |
| 9:22 | Construir | Palisade Wall |
| 9:27 | Construir | Palisade Wall |
| 9:32 | Construir | Palisade Wall |
| 9:53 | Construir | Lumber Camp |
| 10:03 | Construir | Farm |
| 10:27 | Construir | Farm |
| 10:39 | Construir | House |
| 10:51 | Edad | Edad Feudal |
| 10:59 | Construir | Stable |
| 11:06 | Crear | Villager (Male) |
| 11:06 | Crear | Villager (Male) |
| 11:07 | Crear | Villager (Male) |
| 11:42 | Construir | Palisade Gate |
| 11:50 | Crear | Villager (Male) |
| 11:50 | Crear | Villager (Male) |
| 11:50 | Crear | Villager (Male) |
| 11:50 | Crear | Villager (Male) |
| 11:56 | Investigar | Double-Bit Axe |
| 12:20 | Crear | Villager (Male) |
| 12:21 | Crear | Villager (Male) |
| 12:21 | Crear | Villager (Male) |
| 12:35 | Crear | Scout Cavalry |
| 12:35 | Crear | Scout Cavalry |
| 12:35 | Crear | Scout Cavalry |
| 12:48 | Construir | Blacksmith |
| 13:00 | Construir | Building 796 |
| 13:12 | Construir | Farm |
| 13:14 | Crear | Villager (Male) |
| 13:15 | Crear | Villager (Male) |
| 13:35 | Construir | Farm |
| 13:41 | Construir | Farm |
| 14:16 | Construir | House |
| 14:17 | Construir | House |
| 14:18 | Construir | House |
| 15:24 | Construir | Mining Camp |
| 15:35 | Construir | House |
| 15:37 | Crear | Villager (Male) |
| 15:37 | Crear | Villager (Male) |
| 15:37 | Crear | Villager (Male) |
| 15:38 | Crear | Villager (Male) |
| 15:41 | Construir | Farm |
| 16:07 | Construir | Farm |
| 16:09 | Construir | Farm |
| 16:16 | Construir | Farm |
| 16:22 | Crear | Scout Cavalry |
| 16:22 | Crear | Scout Cavalry |
| 16:27 | Crear | Villager (Male) |
| 16:36 | Construir | Farm |
| 17:05 | Construir | Farm |
| 17:13 | Investigar | Gold Mining |
| 17:28 | Construir | Farm |
| 17:36 | Crear | Villager (Male) |
| 17:36 | Crear | Villager (Male) |
| 18:45 | Construir | House |
| 19:10 | Construir | House |
| 19:24 | Construir | House |
| 19:32 | Construir | House |
| 19:41 | Construir | Palisade Wall |
| 20:22 | Construir | Mining Camp |
| 20:38 | Construir | House |
| 21:35 | Construir | Farm |
| 21:48 | Construir | Stone Wall |
| 21:52 | Construir | Stone Wall |
| 22:00 | Investigar | Castle Age |
| 22:16 | Construir | Barracks |
| 22:45 | Construir | Stone Wall |
| 22:46 | Construir | Stone Wall |
| 22:48 | Construir | Stone Wall |
| 22:50 | Construir | Stone Wall |
| 22:51 | Construir | Stone Wall |
| 22:52 | Construir | Stone Wall |
| 22:53 | Construir | Stone Wall |
| 22:54 | Construir | Stone Wall |
| 23:10 | Construir | Stone Wall |
| 23:40 | Construir | House |
| 24:09 | Construir | Stable |
| 24:21 | Construir | Farm |
| 24:40 | Edad | Edad de los Castillos |
| 25:22 | Construir | Mining Camp |
| 25:32 | Construir | Farm |
| 25:45 | Investigar | Bloodlines |
| 26:07 | Investigar | Pikeman (upgrade) |
| 26:10 | Crear | Spearman |
| 26:10 | Crear | Spearman |
| 26:10 | Crear | Spearman |
| 26:11 | Crear | Spearman |
| 26:11 | Crear | Spearman |
| 26:39 | Construir | House |
| 26:42 | Construir | House |
| 26:43 | Construir | House |
| 27:12 | Construir | Market |
| 29:26 | Construir | Town Center |
| 30:48 | Crear | Villager (Male) |
| 30:49 | Crear | Villager (Male) |
| 30:49 | Crear | Villager (Male) |
| 30:49 | Crear | Villager (Male) |
| 30:56 | Crear | Villager (Male) |
| 30:57 | Crear | Villager (Male) |
| 30:57 | Crear | Villager (Male) |
| 30:57 | Crear | Villager (Male) |
| 31:05 | Investigar | Light Cavalry (upgrade) |
| 31:22 | Crear | Scout Cavalry |
| 31:22 | Crear | Scout Cavalry |
| 31:22 | Crear | Scout Cavalry |
| 31:22 | Crear | Scout Cavalry |
| 31:22 | Crear | Scout Cavalry |
| 31:23 | Crear | Scout Cavalry |
| 31:23 | Crear | Scout Cavalry |
| 31:23 | Crear | Scout Cavalry |
| 31:27 | Crear | Scout Cavalry |
| 31:27 | Crear | Scout Cavalry |
Cronología de la partida
| 7:15 | ohdarling_leo'11 · wall_segment Palisade Wall x3 |
| 7:18 | ohdarling_leo'11 · wall_segment Palisade Wall x5 |
| 8:10 | ohdarling_leo'11 · wall_segment Palisade Wall x10 |
| 8:31 | ohdarling_leo'11 · wall_segment Palisade Wall x6 |
| 8:45 | RancidMeerkat · first_building Barracks |
| 8:53 | [PLGRS]YaMmEr'23 · wall_segment Palisade Wall x13 |
| 9:00 | [PLGRS]YaMmEr'23 · wall_segment Palisade Wall x4 |
| 9:18 | [PLGRS]YaMmEr'23 · wall_segment Palisade Wall x5 |
| 9:19 | [PLGRS]YaMmEr'23 · wall_segment Palisade Wall x1 |
| 9:22 | [PLGRS]YaMmEr'23 · wall_segment Palisade Wall x6 |
| 9:27 | [PLGRS]YaMmEr'23 · wall_segment Palisade Wall x7 |
| 9:32 | [PLGRS]YaMmEr'23 · wall_segment Palisade Wall x10 |
| 10:45 | ohdarling_leo'11 · first_building Barracks |
| 10:50 | ohdarling_leo'11 · wall_segment Palisade Wall x1 |
| 10:51 | [PLGRS]YaMmEr'23 · age_up feudal |
| 10:59 | [PLGRS]YaMmEr'23 · first_building Stable |
| 11:03 | ohdarling_leo'11 · wall_segment Palisade Wall x17 |
| 11:32 | ohdarling_leo'11 · age_up feudal |
| 12:22 | ohdarling_leo'11 · wall_segment Palisade Wall x9 |
| 12:59 | ohdarling_leo'11 · first_building Archery Range |
| 17:42 | NebRolyat32 · first_building Barracks |
| 19:11 | NebRolyat32 · first_building Archery Range |
| 19:24 | NebRolyat32 · first_building Stable |
| 19:41 | [PLGRS]YaMmEr'23 · wall_segment Palisade Wall x1 |
| 20:12 | RancidMeerkat · first_building Archery Range |
| 20:45 | ohdarling_leo'11 · age_up castle |
| 21:48 | [PLGRS]YaMmEr'23 · wall_segment Stone Wall x2 |
| 21:52 | [PLGRS]YaMmEr'23 · wall_segment Stone Wall x8 |
| 22:16 | [PLGRS]YaMmEr'23 · first_building Barracks |
| 22:45 | [PLGRS]YaMmEr'23 · wall_segment Stone Wall x3 |
| 22:46 | [PLGRS]YaMmEr'23 · wall_segment Stone Wall x2 |
| 22:48 | [PLGRS]YaMmEr'23 · wall_segment Stone Wall x1 |
| 22:50 | [PLGRS]YaMmEr'23 · wall_segment Stone Wall x4 |
| 22:51 | [PLGRS]YaMmEr'23 · wall_segment Stone Wall x1 |
| 22:52 | [PLGRS]YaMmEr'23 · wall_segment Stone Wall x1 |
| 22:53 | [PLGRS]YaMmEr'23 · wall_segment Stone Wall x1 |
| 22:54 | [PLGRS]YaMmEr'23 · wall_segment Stone Wall x1 |
| 23:10 | [PLGRS]YaMmEr'23 · wall_segment Stone Wall x9 |
| 24:30 | ohdarling_leo'11 · first_building Stable |
| 24:40 | [PLGRS]YaMmEr'23 · age_up castle |
| 25:43 | RancidMeerkat · first_building Monastery |
| 26:22 | NebRolyat32 · first_building Castle |
| 28:31 | [PLGRS]YaMmEr'23 · first_market_buy 100 stone |
| 30:49 | ohdarling_leo'11 · first_building Castle |
| 33:51 | [PLGRS]YaMmEr'23 · first_building Monastery |
| 35:22 | NebRolyat32 · first_building Monastery |
| 36:54 | [PLGRS]YaMmEr'23 · wall_segment Palisade Wall x2 |
| 36:59 | [PLGRS]YaMmEr'23 · wall_segment Palisade Wall x1 |
| 37:28 | ohdarling_leo'11 · first_market_buy 100 food |
| 37:29 | ohdarling_leo'11 · first_market_sell 100 wood |
| 38:37 | RancidMeerkat · first_building Castle |
| 41:43 | [PLGRS]YaMmEr'23 · age_up imperial |
| 43:51 | [PLGRS]YaMmEr'23 · first_building Castle |
| 43:54 | ohdarling_leo'11 · age_up imperial |
| 45:46 | NebRolyat32 · first_building Siege Workshop |
| 46:20 | [PLGRS]YaMmEr'23 · first_building Siege Workshop |
| 47:26 | NebRolyat32 · resign |
[ ANÁLISIS IA · 1 CRÉDITO ]
¿Qué pasó realmente en esta partida?
Wolo.gg analiza cada decisión: build order, eco, micro, errores típicos por bracket. Análisis personalizado por WhatsApp o Discord en 30 segundos.
Guía civ
Malayos
Guía mapa
Arabia
Perfil
ohdarling_leo'11